 Dungeon Crawl Stone Soup version 0.29.0 (webtiles) character file.

Game seed: 2777807751662062840

9167 gelatine the Cleaver (level 11, -3/81 HPs)
             Began as a Demonspawn Gladiator on Aug 24, 2022.
             Was a Believer of Qazlal.
             Killed by divine providence
             ... invoked by a smoke demon
              (9 damage)
             ... on level 1 of the Abyss.
             The game lasted 00:35:15 (8355 turns).

gelatine the Cleaver (Demonspawn Gladiator)         Turns: 8355, Time: 00:35:16

Health: -3/81      AC:  9    Str: 18    XL:     11   Next: 19%
Magic:  17/17      EV: 29    Int: 11    God:    Qazlal [**....]
Gold:   929        SH:  3    Dex: 17    Spells: 13/16 levels left

rFire   + . .      SeeInvis .   U - +10 war axe "Mivoon" {flame, *Rage Fly rPois Dex+3}
rCold   x . .      Faith    .   (no shield)
rNeg    + . .      Spirit   .   R - +0 steam dragon scales
rPois   +          Reflect  .   (helmet restricted)
rElec   .          Harm     .   (no cloak)
rCorr   .          Rampage  .   (gloves unavailable)
Will    .....      Rage     20% m - +0 pair of boots
Stlth   ++........              y - amulet of the acrobat
HPRegen 0.23/turn               t - ring of positive energy
MPRegen 0.15/turn               G - ring of fire

@: mighty, about to teleport, on berserk cooldown, acrobatic, flying, slowed,
very slow
A: molten scales 2, powered by death 2, demonic touch 3, horns 1
a: Renounce Religion, Upheaval


You were on level 1 of the Abyss.
You worshipped Qazlal.
Qazlal was pleased with you.
You visited 2 branches of the dungeon, and saw 10 of its levels.
You visited the Abyss 1 time.
You also visited: Ossuary and Bailey.

You collected 929 gold pieces.

Inventory:

Hand Weapons
 E - a +6 vorpal battleaxe
 U - the +10 war axe "Mivoon" (weapon) {flame, *Rage Fly rPois Dex+3}
   (You found it on level 8 of the Dungeon)

   It burns those it strikes, dealing additional fire damage.
   Big, fiery blades are also staple armaments of hydra-hunters.
   Dex:       It affects your dexterity (+3).
   rPois:     It protects you from poison.
   Fly:       It grants you flight.
   *Rage:     It berserks you when you make melee attacks (+20% chance).
Missiles
 g - 11 curare-tipped darts
 p - 13 boomerangs
 u - 79 poisoned darts (quivered)
 A - a javelin
 F - 11 atropa-tipped darts
Armour
 c - a +0 helmet
 d - a +2 robe of willpower
 e - +0 acid dragon scales
 m - a +0 pair of boots (worn)
 s - a +0 leather armour of willpower
 R - +0 steam dragon scales (worn)
Magical Staves
 a - a staff of cold
 O - a staff of cold
Jewellery
 t - a ring of positive energy (left hand)
 y - an amulet of the acrobat (around neck)
 D - a ring of see invisible
 G - a ring of fire (right hand)
Wands
 h - a wand of roots (13)
 j - a wand of polymorph (18)
 q - a wand of light (3)
 r - a wand of paralysis (6)
 w - a wand of flame (33)
 x - a wand of mindburst (33)
Scrolls
 f - 2 scrolls of vulnerability
 i - 3 scrolls of immolation
 l - 3 scrolls of silence
 n - 3 scrolls of butterflies
 I - a scroll of poison
 J - 2 scrolls of teleportation
 L - a scroll of summoning
 M - 2 scrolls of blinking
 T - a scroll of brand weapon
Potions
 b - 2 potions of curing
 o - a potion of brilliance
 v - 2 potions of invisibility
 z - 3 potions of attraction
 B - 2 potions of lignification
 C - 2 potions of flight
 H - 3 potions of mutation
 K - a potion of cancellation
 P - a potion of ambrosia {unknown}
 Q - a potion of might
 S - 2 potions of berserk rage {unknown}


   Skills:
 + Level 6.0 Fighting
 + Level 9.9 Axes
 + Level 1.0(6.2) Maces & Flails
 + Level 5.4 Throwing
 + Level 2.6 Armour
 + Level 5.0 Dodging
 + Level 2.2 Stealth
 + Level 1.3 Shields
 + Level 3.1 Spellcasting
 + Level 2.0 Necromancy
 + Level 1.4 Translocations
 + Level 3.3 Ice Magic
 * Level 9.2 Invocations
 + Level 1.7 Evocations


You had 13 spell levels left.
You knew the following spells:

 Your Spells              Type           Power      Damage    Failure   Level
a - Freeze                Ice            36%        1d6       7%          1
b - Blink                 Tloc           8%         N/A       22%         2

Your spell library contained the following spells:

 Spells                   Type           Power      Damage    Failure   Level
 Frozen Ramparts          Ice            18%        1d3       21%         3
 Scorch                   Fire           4%         2d5       36%         2
 Inner Flame              Hex/Fire       2%         N/A       61%         3
 Hailstorm                Conj/Ice       5%         3d4       78%         4
 Iskenderun's Mystic Bla  Conj/Tloc      3%         2d3       89%         4
 Cause Fear               Hex            0%         N/A       95%         4
 Flame Wave               Conj/Fire      2%         2d4       95%         4
 Fulminant Prism          Conj/Hex       0%         3d6       95%         4
 Manifold Assault         Tloc           4%         N/A       99%         5
 Lee's Rapid Deconstruct  Erth           0%         3d5*      100%        5
 Summon Cactus Giant      Summ           0%         N/A       100%        6
 Storm Form               Tmut/Air       0%         N/A       100%        7
 Discord                  Hex            0%         N/A       100%        8


Dungeon Overview and Level Annotations

Branches:
Dungeon (9/15)             Temple (1/1) D:4         Ossuary (visited)
 Bailey (visited)
   Lair: D:8-11         Orc: D:9-12

Altars:
Ashenzari
Dithmenos
Fedhas
Gozag
Hepliaklqana
Kikubaaqudgha
Makhleb
Nemelex Xobeh
Okawaru
Qazlal
Ru
Sif Muna
Uskayaw
Vehumet
Xom
Yredelemnul

Shops:
D:3 ?

Annotations:
D:9 Erolcha, Gastronok


Innate Abilities, Weirdness & Mutations

You are mostly covered in molten scales. (AC +3)
You regenerate health from kills.
Your touch may irresistibly damage your foes and sap their willpower.
You have a pair of small horns on your head.


Message History

The worldbinder misses you. x2
The deep elf pyromancer is pulled into the Abyss.
The worldbinder is engulfed in a cloud of scalding steam.
The smoke demon gestures at you. The ball of steam hits you. You resist.
* * * LOW HITPOINT WARNING * * *
The worldbinder completely misses you. The worldbinder misses you.
You feel much better. The worldbinder closely misses you.
The worldbinder hits you but does no damage.
The smoke demon gestures at you.
The sticky flame hits you but does no damage.
You are covered in liquid flames!
The bone dragon closely misses you. The bone dragon claws you.
The bone dragon tramples you.
You hold your ground!
The worldbinder hits you.
* * * LOW HITPOINT WARNING * * *
The worldbinder hits you but does no damage.
The bone dragon barely misses you. The bone dragon misses you.
The bone dragon tramples you but does no damage.
The smoke demon gestures at you. The sticky flame hits you. You resist.
You are covered in liquid flames!
* * * LOW HITPOINT WARNING * * *
Invisibility will do you no good right now; use anyway?
Okay, then.
You feel very mighty all of a sudden.
You are covered in liquid flames!
* * * LOW HITPOINT WARNING * * *
The worldbinder hits you but does no damage. x2
The bone dragon bites you.
* * * LOW HITPOINT WARNING * * *
The bone dragon claws you but does no damage.
The bone dragon misses you. The worldbinder hits you.
* * * LOW HITPOINT WARNING * * *
The worldbinder hits you but does no damage.
You are covered in liquid flames!
* * * LOW HITPOINT WARNING * * *
You are no longer on fire.
The smoke demon gestures at you. Something smites you!
You die...

. . # #
##≈#§≈≈§≈≈§§≈3≈.X...#
. # ≈.≈≈§≈≈≈
§§§≈§#...## ....
≈≈≈§≈≈≈§§≈§≈≈≈.....# ≈
#≈≈≈≈§≈#≈§≈≈≈≈≈......
≈ # #
##≈≈≈§#.§≈≈§§≈§.... .
≈ ## ≈§≈≈≈≈≈≈≈§§≈≈≈x..
.. ≈ # .
≈##≈§§≈#.3≈#≈≈§X....#
≈ #
#.#≈≈≈§§D≈§≈≈≈≈§#...##
. ≈≈≈≈§§@x§≈≈≈≈≈... .
≈§≈≈≈.≈§§≈§≈§≈≈≈≈..
≈.§§≈§.≈≈§§≈≈§## .
≈§≈§§§≈≈≈≈≈≈≈§.# §
≈≈§§§§≈≈≈§≈#§§.. .
≈§≈§§§≈§§§≈≈§≈.. ≈
≈≈§§≈≈≈#.≈≈§§§
≈≈≈.≈§#≈§


You could see a bone dragon, a worldbinder and a smoke demon.

Vanquished Creatures
  An Executioner (Abyss:1)
  Pikel (D:7)
  Maurice (D:8)
  A smoke demon (Abyss:1)
  An unseen horror (Abyss:1)
  Maggie (D:7)
  Grinder (D:6)
  A ynoxinul (Abyss:1)
  3 small abominations (Abyss:1)
  8 yaks
  A wyvern (D:8)
  Eustachio (D:6)
  A neqoxec (Abyss:1)
  A steam dragon (D:7)
  Duvessa (D:6)
  A black bear (D:8)
  A hornet zombie (D:7)
  6 orc warriors (Bailey)
  2 sky beasts (D:6)
  2 centaurs
  4 lemures (D:7)
  12 kobold brigands
  2 phantoms
  3 bullfrogs
  A wyvern zombie (D:7)
  Blork the orc (D:4)
  A necrophage (D:5)
  4 scorpions
  A water moccasin zombie (D:7)
  5 wights (D:4)
  Dowan (D:6)
  5 killer bees (D:6)
  2 howler monkeys (D:8)
  A bullfrog zombie (D:7)
  2 hounds
  3 centaur zombies
  3 jellies (D:6)
  3 iron imps (D:4)
  3 iguanas
  A statue (D:8)
  4 mummies (Ossuary)
  2 howler monkey zombies (D:7)
  4 adders
  A shadow imp (D:4)
  A white imp (D:7)
  An ufetubus (D:5)
  A dart slug (D:3)
  9 orcs
  5 bats
  2 endoplasms
  2 giant cockroaches (D:2)
  9 goblins
  5 hobgoblins
  38 kobolds
  A quokka (D:4)
  8 ball pythons
  4 frilled lizards
  2 goblin zombies (Ossuary)
  3 hobgoblin zombies (Ossuary)
  2 kobold zombies (Ossuary)
  7 rats
205 creatures vanquished.

Notes
Turn   | Place    | Note
-------+----------+-------------------------------------------
     0 | D:1      | gelatine the Demonspawn Gladiator began the quest for the
                  | Orb.
     0 | D:1      | Reached XP level 1. HP: 16/16 MP: 1/1
   520 | D:1      | Gained mutation: You regenerate a little health from kills.
                  | [demonic ancestry]
   520 | D:1      | Reached XP level 2. HP: 22/22 MP: 2/2
  1195 | D:2      | Gained mutation: Your touch may inflict minor irresistible
                  | damage on your foes. [demonic ancestry]
  1195 | D:2      | Reached XP level 3. HP: 27/27 MP: 3/3
  1303 | D:2      | Found a faded altar of an unknown god.
  1482 | D:3      | Found Banucik's Magic Scroll Shoppe.
  1631 | D:3      | Found a blossoming altar of Fedhas.
  1991 | D:3      | Reached skill level 1 in Armour
  1991 | D:3      | Gained mutation: Your touch may inflict irresistible damage
                  | on your foes. [demonic ancestry]
  1991 | D:3      | Reached XP level 4. HP: 21/34 MP: 4/4
  2226 | D:3      | Learned a level 1 spell: Freeze
  2260 | D:4      | Noticed a scorpion
  2270 | D:4      | Killed a scorpion
  2274 | D:4      | Reached XP level 5. HP: 39/39 MP: 5/5
  2300 | D:4      | Noticed Blork the orc
  2311 | D:4      | Killed Blork the orc
  2312 | D:4      | Reached skill level 1 in Necromancy
  2427 | D:4      | Found a staircase to the Ecumenical Temple.
  2448 | D:4      | Reached skill level 1 in Ice Magic
  2516 | D:4      | Reached skill level 1 in Evocations
  2516 | D:4      | Gained mutation: You regenerate health from kills. [demonic
                  | ancestry]
  2516 | D:4      | Reached XP level 6. HP: 46/46 MP: 7/7
  2519 | Temple   | Entered the Ecumenical Temple
  2574 | Temple   | Became a worshipper of Qazlal Stormbringer
  2614 | D:4      | Reached skill level 1 in Spellcasting
  2670 | D:4      | Gained mutation: You are partially covered in molten
                  | scales. (AC +2) [demonic ancestry]
  2670 | D:4      | Reached XP level 7. HP: 44/51 MP: 7/9
  3020 | D:4      | Reached skill level 1 in Maces & Flails
  3025 | D:4      | Found a burning altar of Makhleb.
  3038 | D:4      | Reached skill level 1 in Invocations
  3133 | D:5      | Entered Level 5 of the Dungeon
  3341 | D:5      | Found a sand-covered staircase.
  3349 | Ossuary  | Entered an ossuary
  3587 | Ossuary  | Reached skill level 1 in Stealth
  3794 | D:5      | Reached * piety under Qazlal
  3992 | D:5      | Found a shimmering blue altar of Sif Muna.
  4034 | D:5      | Learned a level 2 spell: Blink
  4116 | D:6      | Reached skill level 5 in Axes
  4124 | D:6      | Reached XP level 8. HP: 24/58 MP: 10/10
  4765 | D:6      | Noticed Duvessa
  4768 | D:6      | Noticed Dowan
  4769 | D:6      | Noticed Grinder
  4956 | D:7      | Noticed Maggie
  4973 | D:7      | Killed Maggie
  5326 | D:6      | Killed Duvessa
  5327 | D:6      | Gained mutation: You are mostly covered in molten scales.
                  | (AC +3) [demonic ancestry]
  5327 | D:6      | Reached XP level 9. HP: 50/65 MP: 12/12
  5340 | D:6      | Killed Dowan
  5357 | D:6      | Killed Grinder
  5406 | D:6      | Reached skill level 5 in Invocations
  5643 | D:6      | Noticed Eustachio
  5666 | D:6      | Killed Eustachio
  5893 | D:7      | Noticed Pikel
  5907 | D:7      | Killed Pikel
  5908 | D:7      | Reached skill level 5 in Fighting
  6285 | D:7      | Reached ** piety under Qazlal
  6288 | D:7      | Found a basalt altar of Yredelemnul.
  6303 | D:7      | Gained mutation: Your touch may irresistibly damage your
                  | foes and sap their willpower. [demonic ancestry]
  6303 | D:7      | Reached XP level 10. HP: 68/74 MP: 13/15
  6896 | D:8      | Noticed Maurice
  6935 | D:8      | Killed Maurice
  6969 | D:8      | Found a flagged portal.
  6980 | Bailey   | Entered a bailey
  7015 | Bailey   | Reached *** piety under Qazlal
  7029 | Bailey   | Reached skill level 5 in Throwing
  7161 | Bailey   | Reached skill level 1 in Shields
  7163 | Bailey   | HP: 3/76 [orc warrior/+0 war axe (12)]
  7322 | Bailey   | Found a burning altar of Makhleb.
  7515 | D:8      | Found a sparkling altar of Nemelex Xobeh.
  7566 | D:8      | Found a radiant altar of Vehumet.
  7595 | D:8      | Identified the +10 war axe "Mivoon" {flame, *Rage Fly rPois
                  | Dex+3}
  7648 | D:8      | Found an ancient bone altar of Kikubaaqudgha.
  7778 | D:8      | Found an iron altar of Okawaru.
  8108 | D:9      | Noticed Gastronok
  8109 | D:9      | Noticed Erolcha
  8115 | Abyss:1  | Cast into level 1 of the Abyss (Erolcha)
  8165 | Abyss:1  | Noticed a smoke demon
  8181 | Abyss:1  | Gained mutation: You have a pair of small horns on your
                  | head. [a neqoxec]
  8183 | Abyss:1  | Killed a smoke demon
  8184 | Abyss:1  | Reached skill level 1 in Translocations
  8223 | Abyss:1  | Reached XP level 11. HP: 39/81 MP: 14/17
  8267 | Abyss:1  | Noticed an Executioner
  8274 | Abyss:1  | Killed an Executioner
  8275 | Abyss:1  | Reached skill level 5 in Dodging
  8305 | Abyss:1  | Noticed a bone dragon
  8338 | Abyss:1  | Noticed a large abomination
  8350 | Abyss:1  | Noticed a deep elf pyromancer
  8352 | Abyss:1  | Noticed a deep elf pyromancer
  8355 | Abyss:1  | Killed from afar by a smoke demon

Illustrated notes

Levels and vault maps discovered:
D:1:      ncdulo_lavacross, layout_basic
D:2:      layout_rooms, shapermc_ecumenical_altar_notcrosses
D:3:      layout_loops_ring, fedhas_altar_4, serial_shops, shop,
          grunt_decor_one_mirror
D:4:      layout_rooms, demons_altar, temple_pool_b, uniq_blork_the_orc
D:5:      corexii_shack_village, layout_cave_pools,
          mainiacjoe_overflow_surrounded_room, chequers_ossuary_entry_cave
D:6:      layout_basic, elyvilon_altar_5, serial_park_tiny_pond, uniq_duvessa,
          uniq_grinder, uniq_eustachio
D:7:      nicolae_cairo_tiling_large_dashed, layout_basic,
          nicolae_yredelemnul_corpse_copse, uniq_maggie, uniq_pikel
D:8:      layout_cave_pools, kennysheep_mini, nemelex_diamond_rough_becter,
          kennysheep_okawaru_gauntlet, vehumet_statue, enter_bailey_6,
          uniq_maurice
D:9:      layout_roguey, mainiacjoe_overflow_cross_hatched, uniq_grum,
          uniq_gastronok, uniq_erolcha
Temple:   compressed_dpeg_triangle_lava_temple
Abyss:1:  base:
Temple

Skill      XL: |  1  2  3  4  5  6  7  8  9 10 11 |
---------------+----------------------------------+-----
Axes           | 3 5 6 8 9 |  9.9
Dodging        | 3 4 5 |  5.0
Armour         | 1 2 |  2.6
Throwing       | 2 3 4 5 |  5.4
Necromancy     | 1 2 |  2.0
Ice Magic      | 1 3 |  3.3
Evocations     | 1 |  1.7
Spellcasting   | 1 2 3 |  3.1
Maces & Flails | 1 |  1.0
Fighting       | 3 4 5 6 |  6.0
Invocations    | 2 4 6 8 9 |  9.2
Stealth        | 1 2 |  2.2
Shields        | 1 |  1.3
Translocations | 1 |  1.4

Action                   |  1- 3 |  4- 6 |  7- 9 | 10-12 || total
-------------------------+-------+-------+-------+-------++-------
Melee: War axe           |    94 |       |       |    38 ||   132
       Touch             |     4 |     8 |       |     7 ||    19
       Mace              |       |    18 |       |       ||    18
       Battleaxe         |       |     3 |   251 |   100 ||   354
       Headbutt          |       |       |       |     5 ||     5
Throw: Throwing net      |       |     3 |       |       ||     3
       Boomerang         |       |    76 |     5 |       ||    81
       Javelin           |       |     1 |     3 |       ||     4
       Dart              |       |       |    28 |    91 ||   119
 Cast: Blink             |       |       |     3 |     4 ||     7
       Freeze            |       |       |       |    21 ||    21
Invok: Elemental Force   |       |       |       |     2 ||     2
       Upheaval          |       |       |       |     1 ||     1
Evoke: Wand              |       |       |     2 |       ||     2
  Use: Scroll            |     6 |       |    13 |     6 ||    25
       Potion            |       |       |     9 |     7 ||    16
 Stab: Sleeping          |     2 |       |     2 |       ||     4
       Invisible         |       |       |     2 |       ||     2
Armor: Leather armour    |    44 |     1 |       |       ||    45
       Robe              |       |       |    47 |       ||    47
       Skin              |       |       |    29 |       ||    29
       Acid dragon scale |       |       |    37 |     9 ||    46
       Steam dragon scal |       |       |       |    63 ||    63
Dodge: Dodged            |    77 |    15 |   217 |   148 ||   457
Block: Other             |       |       |    18 |    29 ||    47
